 Dungeon Crawl Stone Soup version 0.26-a0-28-gc929df5 (webtiles) character file.

Game seed: 10469199036383315378, levelgen mode: deterministic

233 Ayyar the Grave Robber (level 5, -6/35 HPs)
             Began as a Demonspawn Necromancer on May 27, 2020.
             Mangled by an orc
             ... wielding a +0 morningstar
              (9 damage)
             ... on level 4 of the Dungeon.
             The game lasted 00:21:54 (4418 turns).

Ayyar the Grave Robber (Demonspawn Necromancer)     Turns: 4418, Time: 00:21:54

Health: -6/35      AC:  4    Str:  9    XL:     5   Next: 74%
Magic:  0/18       EV: 13    Int: 17    God:
Gold:   125        SH:  4    Dex: 13    Spells: 4/10 levels left

rFire    . . .     SeeInvis .   b - +0 whip (elec)
rCold    . . .     Gourm    .   (no shield)
rNeg     . . .     Faith    .   j - +0 robe
rPois    .         Spirit   +   (helmet restricted)
rElec    .         Reflect  .   (no cloak)
rCorr    .         Harm     .   (no gloves)
MR       .....                  s - +1 pair of boots
Stlth    ++........             (no amulet)
HPRegen  0.11/turn              w - ring of magical power
MPRegen  0.16/turn              (no ring)

@: very slightly contaminated
A: antennae 1, large bone plates 1, magic shield
a: no special abilities


You were on level 4 of the Dungeon.
You were not hungry.

You visited 1 branch of the dungeon, and saw 4 of its levels.
You also visited: Sewer.

You collected 125 gold pieces.

Inventory:

Hand Weapons
 a - a +1 hunting sling
 b - a +0 whip of electrocution (weapon)
Missiles
 m - 114 stones (quivered)
Armour
 j - a +0 robe (worn)
 r - a +0 helmet
 s - a +1 pair of boots (worn)
Jewellery
 e - a +6 ring of intelligence {unknown}
 w - a ring of magical power (left hand)
Scrolls
 d - a scroll of enchant weapon
 g - a scroll of enchant armour
 h - a scroll of fear {unknown}
 i - a scroll of remove curse
 q - a scroll of blinking {unknown}
 t - a scroll of identify
 u - a scroll of teleportation {unknown}
 v - a scroll of fog {unknown}
Potions
 f - 2 potions of berserk rage {unknown}
 k - 2 potions of mutation {unknown}
 l - a potion of might {unknown}
 o - a potion of brilliance {unknown}
 p - a potion of degeneration {unknown}
 x - a potion of haste {unknown}
 z - 3 potions of flight {unknown}
 A - 3 potions of curing {unknown}
 B - a potion of heal wounds {unknown}
Comestibles
 c - 10 rations
 n - 4 chunks of flesh


   Skills:
 + Level 0.4 Maces & Flails
 + Level 2.9 Dodging
 + Level 3.1 Stealth
 + Level 3.1 Spellcasting
 * Level 5.7 Necromancy


You had 4 spell levels left.
You knew the following spells:

 Your Spells              Type           Power        Failure   Level  Hunger
a - Pain                  Necr           ###.         1%          1    None
b - Animate Skeleton      Necr           N/A          1%          1    None
c - Animate Dead          Necr           N/A          16%         4    ####...

Your spell library contained the following spells:

 Spells                   Type           Power        Failure   Level  Hunger
 Vampiric Draining        Necr           ###.......   4%          3    ###....
 Apportation              Tloc           #.....       17%         1    None
 Corona                   Hex            #......      17%         1    None
 Summon Small Mammal      Summ           #...         17%         1    None
 Agony                    Necr           ###.....     41%         5    ######.


Dungeon Overview and Level Annotations

Branches:
Dungeon (4/15)              Sewer (visited)
 Temple: D:4-7

Altars:
Dithmenos
Fedhas
Hepliaklqana
Wu Jian


Innate Abilities, Weirdness & Mutations

You have a pair of small antennae on your head.
You are partially covered in large bone plates. (SH +4)
When hurt, damage is shared between your health and your magic reserves.


Message History

Press: ? - help, Shift-Dir - straight line, f/p - orc priest
Aim: an orc priest, wielding a +0 dagger and wearing a +0 chain mail (heavily wounded, chance to defeat MR: 81%)
You miscast Pain.
You are very lightly contaminated with residual magic.
Nothing appears to happen.
The orc wizard hits you but does no damage.
The orc priest barely misses you.
Casting: Pain (safe; 1% risk of failure)
Confirm with . or Enter, or press ? or * to list all spells.
Aiming: Pain (safe; 1% risk of failure)
Press: ? - help, Shift-Dir - straight line, f/p - orc priest
Aim: an orc priest, wielding a +0 dagger and wearing a +0 chain mail (heavily wounded, chance to defeat MR: 81%)
The orc priest writhes in agony.
The orc wizard closely misses you.
The orc wizard hits you with a +0 dagger.
* * * LOW HITPOINT WARNING * * *
The orc priest mumbles some strange prayers to Beogh against you.
Beogh smites you!
* * * LOW HITPOINT WARNING * * *
The orc hits you with a +0 morningstar!
You die...

........######
........#....
........#...
...........
........8.
.........
#...oo#####
#...o@o...#
#.........#
#.........#
#.........#
#.........######
##..............#
#.....#####.....#
##.#### #.....#
#.# #.....######


You could see an orc priest, 2 orc wizards and an orc.

Vanquished Creatures
  A big kobold (Sewer)
  2 worker ants (D:4)
  3 river rats (Sewer)
  An adder (D:3)
  A worm (D:2)
  A dart slug (D:3)
  2 leopard geckos
  5 orcs (D:4)
  A ball python (D:3)
  7 giant cockroaches
  2 goblins
  10 hobgoblins
  8 jackals
  3 quokkas
  9 bats
  8 frilled lizards
  A jackal skeleton (D:4)
  6 kobolds
  3 rats
74 creatures vanquished.

Vanquished Creatures (collateral kills)
  A goblin (D:1)
  A kobold (Sewer)
2 creatures vanquished.

Grand Total: 76 creatures vanquished

Notes
Turn   | Place    | Note
-------+----------+-------------------------------------------
     0 | D:1      | Ayyar the Demonspawn Necromancer began the quest for the
                  | Orb.
     0 | D:1      | Reached XP level 1. HP: 13/13 MP: 3/3
   525 | D:1      | Gained mutation: You are partially covered in large bone
                  | plates. (SH +4) [demonic ancestry]
   525 | D:1      | Reached XP level 2. HP: 19/19 MP: 1/5
   539 | D:1      | Learned a level 1 spell: Animate Skeleton
  1451 | D:2      | Reached XP level 3. HP: 19/24 MP: 0/6
  2073 | D:2      | Found an ornate altar of the Wu Jian Council.
  2465 | D:3      | Found a shadowy altar of Dithmenos.
  2535 | D:3      | Found a blossoming altar of Fedhas.
  2912 | D:3      | Found a hazy altar of Hepliaklqana.
  3034 | D:3      | Gained mutation: When hurt, damage is shared between your
                  | health and your magic reserves. [demonic ancestry]
  3034 | D:3      | Reached XP level 4. HP: 30/30 MP: 7/7
  3055 | D:3      | Reached skill level 5 in Necromancy
  3677 | D:4      | Found a glowing drain.
  3697 | Sewer    | Entered a sewer
  3923 | Sewer    | Noticed a big kobold
  3935 | Sewer    | Killed a big kobold
  3935 | Sewer    | Gained mutation: You have a pair of small antennae on your
                  | head. [demonic ancestry]
  3935 | Sewer    | Reached XP level 5. HP: 23/35 MP: 7/9
  4094 | Sewer    | Found a white marble altar of Elyvilon.
  4189 | D:4      | Learned a level 4 spell: Animate Dead
  4418 | D:4      | Mangled by an orc

Illustrated notes

Levels and vault maps discovered:
D:1:      shiori_shiawase, layout_basic, minmay_tetromino_t2
D:2:      layout_loops_ring, lemuel_coloured_pillars_altar, first_ration
D:3:      layout_basic, lemuel_doored_altar, overflow_temple_1_default,
          dk_noncrumbling_2, fedhas_ov_isle_minmay
D:4:      layout_basic, overflow_temple_1_default,
          eat_drink_and_be_merry_uskayaw, serial_shops, shop_statue,
          gup_sewer_entry_pipe

Skill      XL: |  1  2  3  4  5 |
---------------+----------------+-----
Stealth        | 2 3 |  3.1
Dodging        | 2 |  2.9
Necromancy     | 5 |  5.7
Spellcasting   | 3 |  3.1
Maces & Flails | |  0.4

Action                   |  1- 3 |  4- 6 || total
-------------------------+-------+-------++-------
Melee: Unarmed           |    18 |       ||    18
       Whip              |       |    13 ||    13
 Fire: Hunting sling     |    35 |    27 ||    62
 Cast: Pain              |    72 |    55 ||   127
       Animate Skeleton  |     1 |     2 ||     3
       Animate Dead      |       |     1 ||     1
  Use: Scroll            |       |     4 ||     4
  Eat: Chunk             |     7 |     1 ||     8
       Ration            |       |     1 ||     1
Armor: Robe              |    14 |     4 ||    18
Dodge: Dodged            |    37 |    25 ||    62
Block: Other             |     7 |     4 ||    11

Table legend:
 A = Non-vault XP
 B = Vault XP
 C = Vault XP percentage of total XP
 D = Non-vault monster count
 E = Vault monster count
 F = Vault count percentage of total count
                 A         B        C        D         E       F
            +---------+---------+-------+---------+---------+-------
      Total |     188 |     145 |  43.5 |      62 |      14 |  18.4
            +---------+---------+-------+---------+---------+-------
        D:1 |      18 |       2 |  10.0 |      12 |       1 |   7.7
        D:2 |      46 |       0 |   0.0 |      24 |       0 |   0.0
        D:3 |      37 |       0 |   0.0 |      16 |       0 |   0.0
        D:4 |      87 |       5 |   5.4 |      10 |       2 |  16.7
      Sewer |       0 |     138 | 100.0 |       0 |      11 | 100.0
            +---------+---------+-------+---------+---------+-------
